[Event "3rd President Cup-A 2024"]
[Site "Tashkent"]
[Date "2024.11.22"]
[Round "1.1"]
[White "Panda Sambit"]
[Black "Abdusattorov, Nodirbek"]
[Result "0-1"]
[ECO "E44"]
[WhiteElo "2380"]
[BlackElo "2777"]
[Annotator "TA"]
[PlyCount "70"]
[EventDate "2024.11.22"]
[EventType "swiss"]
[EventCountry "UZB"]
[SourceTitle "playchess.com"]
[Source "ChessBase"]
[SourceQuality "1"]
[TimeControl "5400+30"]

1. d4 Nf6 2. c4 e6 3. Nc3 Bb4 4. e3 b6 5. Nge2 Ne4 6. Bd2 Nxd2 7. Qxd2 Bb7 8. a3 Be7 9. Nf4 d6 10. Be2 {[%emt 0:07:20] The position is equal.} O-O 11. O-O Nd7 12. Rad1 Nf6 13. Qc2 d5 14. cxd5 exd5 15. b4 Bd6 16. Nd3 c6 17. a4 Qc7 18. g3 h5 19. Bf3 Rfe8 20. Nf4 h4 (20... Bxb4 $6 21. Ncxd5 (21. Nxh5 Qd6 $15) 21... Nxd5 22. Nxd5 $16 (22. Nxh5 $2 Qe7 $19)) 21. Rc1 Qd7 ({But not} 21... Bxb4 $6 22. Ncxd5 Nxd5 23. Nxd5 $14 (23. gxh4 $2 Nxf4 24. Qc4 Bf8 $19)) 22. b5 Rac8 23. Qa2 Bxf4 24. exf4 Ne4 (24... cxb5 $1 $17 {Strongly threatening ...b4.} 25. Nxb5 Ne4) 25. Qb2 {[%emt 0:07:08] [#]} ({White should play} 25. Be2 $1 $15) 25... cxb5 $1 $17 26. Nxb5 Bc6 ({Black should try} 26... Rc4 $17 27. Bxe4 Rxe4 28. Nxa7 Rexd4 (28... Rcxd4 29. Qb5 $15) 29. Qxb6 Rxc1 (29... Rxa4 $2 {loses.} 30. Rc7 $18) 30. Rxc1 Rxa4) 27. Rfd1 (27. Be2 $1 $11) 27... h3 28. Qa3 $2 {[%emt 0:03:50] White does not recover from this.} (28. Be2 $17) 28... Bxb5 $19 29. axb5 {[%emt 0:00:16] [#]} Rxc1 30. Qxc1 Qxb5 31. Bg4 Qa4 $40 {[%emt 0:01:09][%mdl 128] Black wants a kill.} 32. Rd3 $2 (32. Rf1) 32... Qa2 33. Qf1 {[%emt 0:00:17] [#]} Nxf2 $1 34. Qxf2 {[%emt 0:00:44] [#]} (34. Bd7 Nxd3) 34... Re1+ $3 35. Qxe1 Qg2# {[%emt 0:00:00] Weighted Error Value: White=0.91/Black=0.08 (flawless) .  Loses game:     	White=1     	---        Mistake:       	White=3     	Black=2      Inaccurate:     	White=3     	---        OK:         	White=5     	Black=9      Best:        	White=1     	Black=1      Strong:       	---       	Black=1} 0-1

[Event "3rd President Cup-A 2024"]
[Site "Tashkent"]
[Date "2024.11.22"]
[Round "1.2"]
[White "Maghsoodloo, Parham"]
[Black "Zhang, Ziji"]
[Result "1-0"]
[ECO "A11"]
[WhiteElo "2712"]
[BlackElo "2380"]
[Annotator "TA"]
[PlyCount "73"]
[EventDate "2024.11.22"]
[EventType "swiss"]
[EventCountry "UZB"]
[SourceTitle "playchess.com"]
[Source "ChessBase"]
[SourceQuality "1"]
[TimeControl "5400+30"]

1. Nf3 Nf6 2. g3 g6 3. c4 c6 4. b3 Bg7 5. Bb2 O-O 6. Bg2 d5 7. O-O Bg4 8. d3 Bxf3 9. Bxf3 e6 10. Bg2 Nbd7 11. Qc2 Re8 12. Nd2 {[%emt 0:01:46][%cal Bb1d2,Bd2f3,Bf3e1,Be1d3][%mdl 32] White is slightly better.} Qe7 13. Rac1 Red8 14. Rfd1 Ne8 15. d4 Nd6 16. e3 Nf5 17. Nf3 Rac8 18. Bh3 Qe8 19. Qe2 Nd6 20. Ne1 Ne4 21. Nd3 f5 22. Bg2 Qe7 23. Rc2 Re8 24. Re1 Rcd8 25. Qd1 dxc4 26. bxc4 e5 27. Qa1 exd4 28. exd4 {[%emt 0:00:17] [#] Threatens to win with f3.} Qf7 29. a4 Nb6 30. Rec1 a5 31. f3 (31. f4 $14) 31... Nd6 (31... Ng5 $11 {remains equal.}) 32. c5 $16 Ndc4 {[%emt 0:00:42] [#] ...Nxb2 would now be deadly.} 33. cxb6 Nxb2 34. Nxb2 ({Of course not} 34. Rxb2 Bxd4+ 35. Kh1 Re3 $11) 34... Bxd4+ 35. Kh1 Re3 36. Qb1 {[%emt 0:01:32] Nc4 is the strong threat.} Rb3 $2 (36... Ra3 {is a better chance.} 37. Rd2 Qe7) 37. Bf1 {[%emt 0:00:50] Weighted Error Value: White=0.08 (flawless) /Black=0.27 (precise) .  Mistake:       	White=1     	Black=2      Inaccurate:     	White=2     	Black=2      OK:         	White=8     	Black=8      Best:        	White=3     	---} 1-0

[Event "3rd President Cup-A 2024"]
[Site "Tashkent"]
[Date "2024.11.22"]
[Round "1.3"]
[White "Kamalidenova, Meruert"]
[Black "Tabatabaei, M. Amin"]
[Result "1/2-1/2"]
[ECO "B06"]
[WhiteElo "2378"]
[BlackElo "2686"]
[Annotator "TA"]
[PlyCount "130"]
[EventDate "2024.11.22"]
[EventType "swiss"]
[EventCountry "UZB"]
[SourceTitle "playchess.com"]
[Source "ChessBase"]
[SourceQuality "1"]
[TimeControl "5400+30"]

1. e4 g6 2. d4 Bg7 3. Nc3 d6 4. Be3 a6 5. h4 h5 6. Qd2 b5 7. a3 Nf6 8. f3 Nbd7 9. O-O-O Bb7 10. Kb1 Rc8 11. Nh3 O-O 12. Qe1 e5 (12... Qe8 $11) 13. d5 $14 c6 14. dxc6 {[%emt 0:05:44] White is more active.} Rxc6 15. Na2 {[%emt 0:02:05] [#]} (15. Nf2 $14) 15... d5 $1 16. exd5 Rd6 17. c4 (17. Nf2 $11) 17... bxc4 $15 18. Bxc4 e4 (18... Bxd5 $6 19. Nb4 Bxc4 (19... Qa8 20. Bxd5 Nxd5 21. Qd2 $16) 20. Rxd6 $16) 19. fxe4 (19. Qg3 $142 Nb6 20. Bb3 Bxd5 21. Nb4 (21. Bc5 Bxb3 22. Qxd6 Nfd7 $17)) 19... Re8 20. Qb4 (20. Bd3 $17 Ne5 (20... Nxe4 21. Bxe4 Rxe4 22. Ng5 $17) 21. Qf1 Nxd3 22. Qxd3) 20... Nb6 $1 $19 21. Ng5 (21. Bxb6 $2 Rxb6 22. Qa4 Nxe4 $19 (22... Rxe4 $2 23. Qc2 $19)) 21... Nxe4 {[%emt 0:06:11][%cal Oa6a5] White must now prevent ...a5!} 22. Bb3 Nxg5 (22... Bxd5 $19 {Threatens to win with ...Qc7.} 23. Bf4 (23. Bxb6 $2 Rxb6 24. Bxd5 Rxb4 $19) 23... Nxg5 24. Bxg5 (24. Qxd6 $2 Qxd6 25. Bxd6 Bxb3 $19) (24. Bxd6 $2 Re4 $19) 24... Qd7 25. Bxd5 Nxd5 (25... Rxd5 $2 26. Qb3 $19)) 23. Bxg5 $15 Qd7 24. Bf4 Rxd5 25. Ka1 (25. Qxb6 $2 Qf5+ 26. Bc2 (26. Ka1 $2 Rb5 $19) 26... Qxf4 $19) 25... Rxd1+ (25... Qc6 $5 26. Rc1 Bxb2+ 27. Kxb2 Qf6+ 28. Nc3 a5 $15) 26. Rxd1 Qb5 27. Nc3 Qxb4 28. axb4 Bf8 {[%emt 0:03:25] Wards off Rd6} (28... Bxg2 $6 29. Rd6 Nc8 (29... Re1+ $2 30. Ka2 $18) 30. Rxg6 $18 (30. Rxa6 Re1+ 31. Ka2 Rf1 $14)) 29. Bc7 $36 {[%emt 0:03:32][%mdl 2048] White has good play.} Na8 30. Ba5 Bxg2 (30... Kg7 $14) 31. Rg1 $1 $18 Bb7 32. Rxg6+ Bg7 {[%emt 0:00:13] [#]} 33. Rd6 $1 {[%emt 0:01:24] Rd7 would now be deadly.} Bc8 (33... Bf8 $142 34. Rd1 Re3) 34. Bd5 $2 (34. Ba4 $18 Bf8 35. Rd1) 34... Be5 $14 35. Rg6+ Kf8 36. Rh6 Bg4 37. Bc6 (37. Rxa6 Nc7 38. Bxc7 Bxc7 $11) (37. Bc4 $14) 37... Rb8 $11 38. Be4 Nc7 {[%emt 0:02:44] White should prevent ...Ne6.} 39. Rc6 ({Wrong is} 39. Bxc7 $2 Bxc7 40. Bd5 Rxb4 41. Bxf7 Kxf7 $19) 39... Nb5 40. Nd5 {[%emt 0:00:39] [#]} (40. Ka2 $11) 40... Nd4 $1 $17 41. Rxa6 Nb3+ (41... Be2 $5 42. b5 Bxb5 (42... Rxb5 43. Ra8+ Kg7 44. Bc3 $15) 43. Bb4+ Kg7 $17) 42. Ka2 Nxa5 43. Rxa5 Bg3 {[%emt 0:00:00] A strong pair of Bishops.} 44. b5 Bxh4 45. b6 Bg3 (45... Bf2 $17 46. Ka3 Bxb6 47. Nxb6 Rxb6) 46. Nf6 $11 Be6+ (46... Rxb6 {simplifies} 47. Nxg4 hxg4 48. Rg5 Ke7) 47. Kb1 (47. Bd5 {simplifies} Rxb6 48. Bxe6 Rxe6 49. Nxh5 Bd6 50. Ra8+) 47... h4 (47... Rxb6 {simplifies} 48. Rxh5 Rb4 49. Kc2 Bf2) 48. b7 h3 49. Bc6 (49. Bf3 $11) 49... h2 ({Black should try} 49... Ke7 $17 50. Rg5 Bh4 (50... Kxf6 51. Rxg3 h2 52. Bh1 $16)) 50. Rh5 (50. Bh1 $11 {keeps the balance.}) 50... Ke7 $17 51. Ne4 Bg4 (51... Bf5 $17 {aiming for ...Bc7.} 52. Ka2 Bc7) 52. Nxg3 $11 {[%emt 0:01:07] The position is equal.} Bxh5 53. Nxh5 Kd6 54. Bf3 Rh8 {[%emt 0:01:33] Strongly threatening ...Kc7.} 55. Ng3 Kc7 56. Nh1 $1 f5 57. Kc2 Rh3 58. Bd5 f4 59. Kd2 Re3 60. b4 Re5 61. Bc6 Re6 62. b5 Re3 63. Nf2 {[%emt 0:00:38] Hoping for Nd3.} Re6 64. Nh1 Re3 65. Nf2 Re6 {[%emt 0:00:08] What a bad dream for Black.   Weighted Error Value: White=0.22 (precise) /Black=0.15 (very precise) .  Missed win:     	White=1     	---        Mistake:       	White=8     	Black=7      Inaccurate:     	White=6     	Black=4      OK:         	White=25    	Black=20     Best:        	White=3     	Black=4      Strong:       	White=3     	Black=2} 1/2-1/2

[Event "3rd President Cup-A 2024"]
[Site "Tashkent"]
[Date "2024.11.22"]
[Round "1.4"]
[White "Sindarov, Javokhir"]
[Black "Goltseva, Ekaterina"]
[Result "1-0"]
[ECO "A14"]
[WhiteElo "2682"]
[BlackElo "2378"]
[Annotator "TA"]
[PlyCount "95"]
[EventDate "2024.11.22"]
[EventType "swiss"]
[EventCountry "UZB"]
[SourceTitle "playchess.com"]
[Source "ChessBase"]
[SourceQuality "1"]
[TimeControl "5400+30"]

1. Nf3 Nf6 2. c4 e6 3. g3 d5 4. Bg2 Be7 5. O-O O-O 6. d3 c5 7. Ne5 Nbd7 8. Nxd7 Bxd7 9. e4 {[%emt 0:00:48] The position is equal.} dxe4 10. dxe4 Bc6 11. Qe2 Nd7 12. f4 Re8 13. Nc3 Bf8 14. Be3 Qc7 15. g4 f5 16. gxf5 $16 exf5 17. e5 (17. exf5 $6 Nf6 $11) 17... Nb6 18. b3 Rad8 19. Rad1 Kh8 20. Bxc6 Qxc6 21. Qg2 Qc8 22. Nd5 {[%emt 0:00:52] White is much more active.} Qc6 23. Rd2 Rd7 24. Rfd1 Red8 (24... Qh6 $16 25. Qf3 Red8) 25. Bf2 Be7 26. Rd3 Qe6 27. Qf3 h6 28. a4 Rg8 (28... Nc8 $142 29. h4 Bf8) 29. Kh1 Qc6 30. Qg2 Bd8 31. Nc3 Rxd3 32. Rxd3 g5 33. Rd6 Qxg2+ 34. Kxg2 gxf4+ 35. Kf3 Bc7 36. Rxh6+ Kg7 {[%emt 0:00:03] Loses the game.} 37. Re6 Kf7 {[%emt 0:00:55] Prevents Re7+} 38. Rf6+ Kg7 39. Rxf5 ({Stronger than} 39. Kxf4 Bxe5+ 40. Kxe5 Nd7+ 41. Kxf5 Nxf6 $11) 39... Re8 (39... Nd7 $142 40. e6 (40. Kxf4 Re8 $16) (40. Rxf4 Bxe5 41. Rg4+ Kf7 $16) 40... Kg6) 40. e6 (40. Kxf4 Nd7 $16) 40... Rxe6 41. Rxc5 Bd6 (41... Bd8 {was worth a try.} 42. Ne4 (42. Kxf4 Nd7 $18) 42... Kf7 43. Kxf4 Kg6) 42. Rb5 $18 {[%emt 0:00:50] White is clearly winning.} Nd7 43. Rxb7 Re7 {[%emt 0:00:02] [#] And now ...Ne5+ would win.} 44. Bd4+ Kf7 45. Ne4 Be5 46. Bc5 Nxc5 47. Rxe7+ Kxe7 48. Nxc5 {[%emt 0:00:05] Weighted Error Value: White=0.17 (very precise) /Black=0.39.  Loses game:     	---       	Black=1      Mistake:       	---       	Black=5      Inaccurate:     	White=2     	Black=3      OK:         	White=20    	Black=8      Best:        	---       	Black=1} 1-0

[Event "3rd President Cup-A 2024"]
[Site "Tashkent"]
[Date "2024.11.22"]
[Round "1.5"]
[White "Vaz, Ethan"]
[Black "Vokhidov, Shamsiddin"]
[Result "1/2-1/2"]
[ECO "B22"]
[WhiteElo "2370"]
[BlackElo "2681"]
[Annotator "TA"]
[PlyCount "108"]
[EventDate "2024.11.22"]
[EventType "swiss"]
[EventCountry "UZB"]
[SourceTitle "playchess.com"]
[Source "ChessBase"]
[SourceQuality "1"]
[TimeControl "5400+30"]

1. e4 c5 2. c3 d5 3. exd5 Qxd5 4. d4 Nf6 5. Nf3 e6 6. Na3 Qd8 7. Nc4 Be7 8. Be2 O-O 9. O-O Qc7 10. Bg5 Rd8 11. Bh4 Nh5 12. Bxe7 Qxe7 13. Qc1 Nf6 14. Rd1 (14. dxc5 {feels hotter.} Qxc5 15. Rd1 Bd7 16. Qf4) 14... cxd4 15. Nxd4 Na6 16. Bf3 Nc7 17. Ne5 (17. Qg5 {keeps more tension.} Nfd5 18. Qxe7 Nxe7 19. Nb5) 17... Nfe8 18. Re1 {[%emt 0:04:10][%cal Od4c6] aiming for Ndc6!} Qf8 19. Nb3 {[%emt 0:03:36] White has more active pieces.} f6 20. Nc4 Nd5 (20... e5 $14) 21. Ne3 Nf4 22. Qc2 Rb8 23. Rad1 Nd6 24. c4 Nf7 25. Rxd8 Qxd8 26. Rd1 Qc7 27. Qd2 (27. Nd4 $14 {was preferrable.}) 27... b6 $11 28. Nd4 Bd7 {[%emt 0:00:55] Prevents Nc6.} 29. g3 Ng6 30. Nb5 Bxb5 31. cxb5 Nge5 32. Bg2 Rd8 33. Rc1 Qe7 34. Qc3 g5 35. Rd1 Rxd1+ 36. Nxd1 Qd7 37. Ne3 Kg7 ({Of course not} 37... Qxb5 $6 38. Qc8+ Kg7 39. Qxe6 $14) 38. a4 g4 39. h4 h5 40. Be4 Nd6 41. Ba8 Nc8 42. Kg2 Ne7 43. Be4 Kf7 44. b3 Kg7 45. Nc4 Qc7 46. Qd4 Nxc4 47. bxc4 {[%emt 0:00:10][%cal Oa4a5][%mdl 4096] Endgame. KQB-KQN} Nc8 {[%emt 0:00:30] [#]} (47... Kf7 $11) 48. Bc6 $1 $16 Qd6 49. Qe4 Qe7 {[%emt 0:01:48] Repels Be8} 50. Qe3 ({Better is} 50. Qc2 $16) 50... Nd6 $1 $11 51. Qd3 (51. Qa3 $14) 51... Nb7 52. Bxb7 Qxb7+ 53. Kg1 {[%emt 0:00:24][%cal Oa4a5] Hoping for a5!} Qc7 (53... e5 $1 $11) 54. Qe4 ({White should play} 54. Qc3 $1 $14) 54... Qd7 {[%emt 0:00:44] Weighted Error Value: White=0.11 (very precise) /Black=0.11 (very precise) .  Mistake:       	White=4     	Black=4      Inaccurate:     	White=4     	Black=5      OK:         	White=22    	Black=20     Best:        	White=1     	---        Strong:       	White=1     	Black=1} (54... e5 $11 {remains equal.}) 1/2-1/2

[Event "3rd President Cup-A 2024"]
[Site "Tashkent"]
[Date "2024.11.22"]
[Round "1.6"]
[White "Nihal Sarin"]
[Black "Bakhrillaev, Bakhrom"]
[Result "1-0"]
[ECO "D50"]
[WhiteElo "2676"]
[BlackElo "2369"]
[Annotator "TA"]
[PlyCount "77"]
[EventDate "2024.11.22"]
[EventType "swiss"]
[EventCountry "UZB"]
[SourceTitle "playchess.com"]
[Source "ChessBase"]
[SourceQuality "1"]
[TimeControl "5400+30"]

1. d4 Nf6 2. Nf3 e6 3. Bg5 d5 4. e3 Be7 5. c4 dxc4 6. Bxc4 c5 7. O-O cxd4 8. Nxd4 O-O 9. Nc3 Bd7 10. Qe2 Nc6 11. Rfd1 Ne5 {[%emt 0:33:45] The position is equal.} 12. Bb3 Qa5 13. Ne4 Neg4 14. Bc2 {[%emt 0:07:56] Hoping for h3.} h6 15. Bh4 {[%emt 0:11:18] And now h3 would win.} Rfe8 16. Nc3 Rad8 17. Bg3 {[%emt 0:02:22] Nb3 would now be deadly.} Ne5 18. Nb3 Qc7 19. Rd4 {[%emt 0:02:09] White is more active.} Bc6 20. Rad1 Nd5 21. Qh5 $36 {[%emt 0:02:58][%mdl 2048] White has strong initiative.} f5 {[%emt 0:04:11] [#] This move loses the game for Black.} (21... Nxc3 $16 22. bxc3 (22. Qxe5 $2 {is the wrong capture.} Qxe5 23. Bxe5 Nxd1 $19) (22. Bxe5 Ne2+ 23. Qxe2 Qxe5 $15) 22... f6) 22. Bxf5 $1 $18 exf5 23. Nxd5 Bxd5 24. Rxd5 Bf6 25. Qxf5 Rxd5 26. Rxd5 Qc4 $2 (26... Qf7 27. Rd2 (27. Rxe5 Bxe5 28. Qc2 Bf6 $17) 27... b6 28. Bxe5 Bxe5 29. Qxf7+ Kxf7) 27. Rxe5 Bxe5 28. Bxe5 Qe2 {[%emt 0:00:27][%cal Re2e1] [#]} 29. h4 Rf8 30. Qe6+ Kh7 31. Bg3 Qxb2 32. Nd4 Rf6 33. Qe4+ Kh8 34. Qd5 Ra6 35. Be5 {[%emt 0:01:43] Strongly threatening Ne6.} Qb1+ 36. Kh2 {[%emt 0:00:12] Threatens to win with Ne6.} Rg6 37. Ne6 Rg4 38. Qd8+ Kh7 39. h5 {[%emt 0:00:07] Weighted Error Value: White=0.02 (flawless) /Black=0.45.  Mistake:       	---       	Black=2      Inaccurate:     	White=1     	Black=2      OK:         	White=14    	Black=10     Best:        	White=3     	Black=1} 1-0

[Event "3rd President Cup-A 2024"]
[Site "Tashkent"]
[Date "2024.11.22"]
[Round "1.7"]
[White "Mamatov, Melis"]
[Black "Yakubboev, Nodirbek"]
[Result "0-1"]
[ECO "B30"]
[WhiteElo "2367"]
[BlackElo "2668"]
[Annotator "TA"]
[PlyCount "110"]
[EventDate "2024.11.22"]
[EventType "swiss"]
[EventCountry "UZB"]
[SourceTitle "playchess.com"]
[Source "ChessBase"]
[SourceQuality "1"]
[TimeControl "5400+30"]

1. e4 c5 2. Nf3 Nc6 3. Bb5 e6 4. O-O Nge7 5. Re1 h6 6. c3 {[%emt 0:07:41] B30: Sicilian: 2...Nc6 3 Bb5, lines without ...g6.} a6 7. Bxc6 Nxc6 8. d4 d5 9. exd5 Qxd5 10. dxc5 $146 ({Predecessor:} 10. c4 Qxc4 11. d5 Nd4 12. Nc3 Bd6 13. Re4 f5 14. Ne5 Bxe5 15. Qh5+ Kf8 16. Rxe5 {1-0 Gukesh,D (2758)-Vachier Lagrave,M (2727) Chess.com Speed Chess blitz 2023 (1.8)}) 10... Qxd1 11. Rxd1 Bxc5 12. Nbd2 e5 13. Ne4 Be7 14. Nd6+ Bxd6 15. Rxd6 Be6 16. b3 Rd8 17. Ba3 Rxd6 18. Bxd6 f6 19. Bc5 Kf7 20. Bb6 Rc8 21. Nd2 Ne7 22. c4 Rc6 23. Be3 Nf5 24. Kf1 g5 25. Ke2 Nh4 26. g3 Bg4+ 27. Kd3 (27. f3 Nxf3 28. Nxf3 e4 $17) 27... Nf3 28. Nxf3 Bxf3 29. a4 f5 30. a5 f4 31. Ba7 Rc8 32. Re1 Kf6 33. b4 h5 34. gxf4 gxf4 35. Rg1 h4 36. Bb6 h3 37. b5 Bg2 38. Rd1 (38. bxa6 $11 bxa6 39. c5) 38... e4+ $15 39. Kd4 ({White should play} 39. Kc3 $15) 39... axb5 $17 40. c5 Kf5 41. Rb1 (41. Rc1 $17) 41... Kg4 $1 $19 42. Rb3 Rf8 43. c6 (43. Rb2 {was necessary.}) 43... bxc6 44. Bc5 $2 (44. Rb2 $17) 44... Rd8+ $2 (44... Rf5 45. Bb6 e3 (45... Rd5+ $2 46. Kc3 $19)) 45. Kc3 $19 b4+ 46. Rxb4 {[%emt 0:01:24] [#]} Rd3+ $1 47. Kb2 Rd2+ 48. Kb3 Rd3+ (48... Rd5 $142 49. Bb6 Rd3+ 50. Kb2 Rd2+ 51. Kc3 Rd3+ 52. Kc2 c5 (52... Ra3 53. Kb2 $11) 53. Bxc5 Rd5) 49. Kb2 $1 $19 Rd5 50. Bb6 c5 51. Rc4 $2 (51. Ra4 Rd2+ 52. Kc3 Rxf2 53. Bxc5) 51... Kf3 (51... Rd2+ $142 52. Rc2 Rxc2+ 53. Kxc2 e3 54. Bxc5 exf2 55. Bxf2 Kf3) 52. a6 $19 {[%emt 0:00:47] [#]} Rd6 $1 (52... Kxf2 $2 53. Rc2+ (53. Bxc5+ $2 Rxc5 54. a7 Rb5+ 55. Kc3 Ra5 $19) 53... Kg1 54. a7 $18 (54. Bxc5+ $2 {perishes.} e3 $19)) 53. Rc3+ $2 (53. Bxc5 {was the only defense.} Rxa6 54. Rc3+ Kg4 55. Rc1) 53... e3 $19 (53... Kxf2 $2 {too greedy.} 54. Bxc5+ $18) 54. Bxc5 Rd2+ ({And not} 54... Rxa6 55. fxe3 fxe3 56. Rxe3+ Kf4 57. Rb3 $11) 55. Kc1 Rxf2 0-1

[Event "3rd President Cup-A 2024"]
[Site "Tashkent"]
[Date "2024.11.22"]
[Round "1.8"]
[White "Puranik, Abhimanyu"]
[Black "Aradhya, Garg"]
[Result "1-0"]
[ECO "C54"]
[WhiteElo "2652"]
[BlackElo "2365"]
[Annotator "TA"]
[PlyCount "76"]
[EventDate "2024.11.22"]
[EventType "swiss"]
[EventCountry "UZB"]
[SourceTitle "playchess.com"]
[Source "ChessBase"]
[SourceQuality "1"]
[TimeControl "5400+30"]

1. e4 e5 2. Nf3 Nc6 3. Bc4 Nf6 4. d3 Bc5 5. O-O d6 6. c3 h6 7. Re1 O-O 8. h3 (8. b4 $5 Bb6 $8 9. a4 $16) 8... a5 9. Bb5 Ba7 10. a4 Ne7 11. d4 Ng6 12. Be3 c6 13. Bd3 Nh5 14. Nbd2 Nhf4 15. Bf1 exd4 16. Bxd4 Bb8 17. Nc4 Bc7 {[%emt 0:00:00] Prevents Nb6} 18. b4 b6 19. Qc2 c5 20. Be3 Qf6 21. bxc5 dxc5 {[%emt 0:00:00][%cal Of4h3] ...Nxh3+! would now be deadly.} 22. e5 Qf5 (22... Bxe5 $2 23. Nfxe5 Nd5 (23... Nxe5 $2 24. Bxf4 Nxc4 25. Qe4 $18) 24. Nxg6 fxg6 25. Qe4 $18) (22... Nxh3+ $1 $15 23. gxh3 (23. Kh1 Qe6 $17) 23... Qxf3) 23. Qxf5 $11 Bxf5 24. Nd6 Bd3 (24... Bxd6 $11 25. Bxf4 (25. exd6 Nd5 $11) 25... Bc7) 25. Bxf4 $1 $14 Nxf4 26. Bxd3 Nxd3 {[%emt 0:00:00] The position is equal.} 27. Red1 Nb2 28. Rd2 Bxd6 29. Rxb2 (29. exd6 $5 Nc4 $8 30. Rd5 $11) 29... Bc7 30. Rd1 Rfd8 31. Rbd2 Rxd2 32. Rxd2 $11 {[%emt 0:00:04][%mdl 4096] Endgame. KRB-KRN} Re8 33. Rd5 c4 34. g4 Kf8 (34... Rd8 35. Rxd8+ Bxd8 36. Nd2 $14) 35. Kf1 Re6 ({Much weaker is} 35... Rd8 $6 36. Rxd8+ Bxd8 37. Nd2 $16) 36. h4 Ke8 37. h5 Bb8 38. Kg2 Bc7 {[%emt 0:02:14][%mdl 32768] Weighted Error Value: White=0.07 (flawless) /Black=0.10 (very precise) .  Mistake:       	---       	Black=2      Inaccurate:     	White=1     	---        OK:         	White=9     	Black=14     Best:        	White=1     	Black=1      Strong:       	White=1     	---       . Loss on time!?} 1-0

[Event "3rd President Cup-A 2024"]
[Site "Tashkent"]
[Date "2024.11.22"]
[Round "1.9"]
[White "Timoshin, Maxim"]
[Black "Karthikeyan, Murali"]
[Result "0-1"]
[ECO "D35"]
[WhiteElo "2361"]
[BlackElo "2625"]
[Annotator "TA"]
[PlyCount "106"]
[EventDate "2024.11.22"]
[EventType "swiss"]
[EventCountry "UZB"]
[SourceTitle "playchess.com"]
[Source "ChessBase"]
[SourceQuality "1"]
[TimeControl "5400+30"]

1. d4 Nf6 2. c4 e6 3. Nc3 d5 4. cxd5 exd5 5. Bg5 c6 6. e3 Bd6 7. Bd3 O-O 8. Qc2 {[%emt 0:06:07] D35: Queen's Gambit Declined: Exchange Variation.} h6 9. Bh4 Re8 10. Nge2 a5 11. h3 Na6 12. a3 Bd7 $5 {[%emt 0:02:37][%mdl 4] An interesting side line.} 13. O-O b5 14. Rae1 Nc7 15. Bg3 $146 ({Predecessor:} 15. e4 dxe4 16. Nxe4 Be7 17. Nc5 Nfd5 18. Bg3 Bxc5 19. dxc5 Ne6 20. Bd6 Qf6 21. Bh7+ {1-0 Andreikin,D (2728)-Urazayev,A (2453) Titled Tuesday intern op 28th Sept blitz 2021 (4)}) 15... Qe7 16. Bxd6 Qxd6 17. Ng3 Ne6 18. Nf5 Qf8 19. f4 Rab8 20. g4 b4 21. axb4 axb4 22. Na4 Ne4 (22... h5 $11 {keeps the balance.}) 23. Bxe4 $16 dxe4 24. Ng3 (24. Qxe4 $2 c5 25. Qf3 cxd4 $19 (25... Bxa4 $2 26. d5 $19)) 24... b3 25. Qc3 $1 (25. Qxe4 c5 26. Nc3 cxd4 27. exd4 Rb4 $19) 25... Qb4 (25... c5 $16 {was worth a try.} 26. Nxc5 Nxc5 27. dxc5 Bb5) 26. Ra1 (26. Qxb4 $18 Rxb4 27. Ra1) 26... Qe7 $16 27. Rfc1 (27. Nxe4 $6 Nxd4 28. exd4 (28. Qxd4 Rb4 $17) 28... Qxe4 $11) (27. Kh2 $142) 27... Nc7 28. Nc5 Nd5 29. Qe1 Bc8 30. Ra3 (30. Ngxe4 f5 31. h4 fxe4 $19) 30... f5 31. Nxf5 Bxf5 32. gxf5 Qf7 33. Kh2 Re7 34. Qg3 (34. Rxb3 $6 Rxb3 35. Nxb3 Rb7 $11) ({White should try} 34. Ra6 $16) 34... Qxf5 $11 35. Rg1 $1 Qh5 36. f5 (36. Rxb3 Rxb3 37. Nxb3 Qe2+ 38. Rg2 Qxe3 $17) 36... Rbe8 37. Ne6 Qe2+ 38. Rg2 Qxe3 39. Rxb3 (39. Qe5 $11 {remains equal.} g5 40. Ra5) 39... Qxg3+ $17 40. Rbxg3 g5 41. h4 (41. Re2 $17 {is a better defense.}) 41... Kf7 $2 (41... Rh7 42. hxg5 hxg5+ 43. Kg1 $11) (41... Rf7 $1 $19 42. hxg5 h5) 42. hxg5 $11 hxg5 43. Rxg5 Rh8+ 44. Kg1 e3 45. Rg6 Rh5 46. Rg8 Kf6 $1 47. Rf8+ $1 (47. R8g6+ Kxf5 48. Ng7+ Rxg7 49. Rxg7 Ke4 $15) 47... Rf7 48. Rxf7+ Kxf7 49. Ng5+ Ke7 50. Ne4 $2 {[%emt 0:00:22] [#]} (50. f6+ $15 Kxf6 51. Ne4+ Ke6 52. Rg3) 50... Nf4 $1 $19 (50... Rxf5 51. Re2 $11) 51. Rg7+ $2 (51. Rg3 Ne2+ (51... Rxf5 52. Rxe3 Kd7 53. Rf3 $11) 52. Kg2 Nxg3 (52... Rxf5 53. Rxe3 Nf4+ 54. Kg3 $11) 53. Nxg3) 51... Kf8 $19 52. Rg3 {[%emt 0:01:07] [#]} e2 $1 ({Worse is} 52... Rxf5 53. Rxe3 Ne6 54. Re2 $11) ({Weaker is} 52... Ne2+ 53. Kg2 $17) 53. Re3 Rh3 $1 ({Stronger than} 53... Rxf5 54. Kf2 $11) 0-1